 Dungeon Crawl Stone Soup version 0.24-a0-486-ged8816983f (webtiles) character file.

Game seed: 7893693146529811453

10635 KristoblXynda the Cleaver (level 11, -1/126 HPs)
             Began as a Demonspawn Gladiator on July 9, 2019.
             Was a Priest of Yredelemnul.
             Slain by a cyclops (2 damage)
             ... on level 2 of the Orcish Mines.
             The game lasted 00:28:06 (14068 turns).

KristoblXynda the Cleaver (Demonspawn Gladiator)   Turns: 14068, Time: 00:28:07

Health: -1/126     AC: 25    Str: 19    XL:     11   Next: 38%
Magic:  24/24      EV:  2    Int:  9    God:    Yredelemnul [***...]
Gold:   790        SH:  0    Dex: 14    Spells: 10/10 levels left

rFire    . . .     SeeInvis .   a - +1 war axe
rCold    . . .     Gourm    +   (no shield)
rNeg     + + +     Faith    .   (armour currently unavailable)
rPois    +         Spirit   .   (helmet currently unavailable)
rElec    .         Reflect  .   (cloak currently unavailable)
rCorr    .         Harm     .   (gloves currently unavailable)
MR       +....     NoTele   +   (boots currently unavailable)
Stlth    +.........             u - amulet of the gourmand
HPRegen  0.31/turn              I - ring of protection from magic
MPRegen  0.19/turn              h - ring of magical power

@: confused, tree-form, lightly drained
A: powered by death 1
a: Recall Undead Slaves, Injury Mirror, Animate Dead, Renounce Religion


You were on level 2 of the Orcish Mines.
You worshipped Yredelemnul.
Yredelemnul was most pleased with you.
You were full.
You were a tree.
You visited 3 branches of the dungeon, and saw 14 of its levels.
You also visited: Sewer.

You collected 790 gold pieces.

Inventory:

Hand Weapons
 a - a +1 war axe (weapon)
 B - a +0 hand axe of flaming
Missiles
 d - 5 throwing nets (quivered)
Armour
 b - a +1 cloak of poison resistance (melded)
 c - a +0 helmet (melded)
 q - a +0 pair of gloves (melded)
 x - a +1 pair of boots (melded)
 y - a +4 plate armour (melded)
 K - a +1 plate armour of fire resistance
Jewellery
 h - a ring of magical power (right branch)
 u - an amulet of the gourmand (around neck)
 I - a ring of protection from magic (left branch)
Wands
 z - a wand of polymorph (11)
Scrolls
 e - 2 scrolls of remove curse
 j - a scroll of enchant weapon
 n - a scroll of magic mapping {unknown}
 o - 3 scrolls of blinking
 s - 3 scrolls of teleportation
 t - a scroll of fear {unknown}
 v - a scroll of fog
 A - a scroll of enchant armour
 C - a scroll of holy word {unknown}
Potions
 g - a potion of agility
 k - 3 potions of haste
 l - a potion of invisibility
 p - a potion of brilliance
 r - 4 potions of mutation
 E - a potion of curing
 G - a potion of magic
Comestibles
 f - 22 rations


   Skills:
 + Level 7.3 Fighting
 + Level 10.6 Axes
 - Level 2.0 Throwing
 + Level 7.3 Armour
 + Level 5.4 Dodging
 - Level 6.5 Invocations
 - Level 5.6 Evocations


You had 10 spell levels left.
You didn't know any spells.
Your spell library contained the following spells:

 Spells                   Type           Power        Failure   Level  Hunger
 Confusing Touch          Hex            #.....       38%         1    ##.....
 Corona                   Hex            #......      38%         1    ##.....
 Slow                     Hex            #.......     52%         2    ###....
 Confuse                  Hex            #.......     77%         3    ####...
 Gell's Gravitas          Tloc           #.........   77%         3    ####...
 Inner Flame              Hex/Fire       #.......     77%         3    ####...
 Portal Projectile        Hex/Tloc       #.....       77%         3    ####...
 Cause Fear               Hex            #.........   99%         4    #####..
 Leda's Liquefaction      Hex/Erth       #.........   99%         4    #####..
 Petrify                  Tmut/Erth      #.......     99%         4    #####..
 Metabolic Englaciation   Hex/Ice        #.........   100%        5    ######.
 Yara's Violent Unravell  Hex/Tmut       #.........   100%        5    ######.


Dungeon Overview and Level Annotations

Branches:
Dungeon (11/15)            Temple (1/1) D:6             Orc (2/2) D:9
    Elf (0/3) Orc:2
   Lair: D:8-11

Altars:
Ashenzari
Cheibriados
Dithmenos
Elyvilon
Fedhas
Gozag
Hepliaklqana
Kikubaaqudgha
Makhleb
Nemelex Xobeh
Okawaru
Qazlal
Ru
Sif Muna
Trog
Uskayaw
Vehumet
Wu Jian
Xom
Yredelemnul
Zin
The Shining One

Shops:
D:6 }

Annotations:
D:9 3 runed translucent doors, akello96's ghost, novice DsNe
Orc:2 Donald


Innate Abilities, Weirdness & Mutations

((You have sharp toenails.))
((You are partially covered in iridescent scales. (AC +2)))
You regenerate a little health from kills.


Message History

You turn into a tree.
Your +1 cloak of poison resistance melds into your body.
Your +0 helmet melds into your body.
Your +0 pair of gloves melds into your body.
Your +1 pair of boots melds into your body.
Your +4 plate armour melds into your body.
You no longer feel resistant to poison.
Your roots penetrate the ground.
Donald hits you with a +0 scimitar!!
* * * LOW HITPOINT WARNING * * *
Your orc wizard zombie hits Donald but does no damage.
Your orc warrior skeleton hits Donald but does no damage.
Unknown command.
You are confused.
You feel invigorated.
Your orc sorcerer zombie barely misses Donald.
Donald hits you with a +0 scimitar!!
* * * LOW HITPOINT WARNING * * *
The cyclops hits you.
You die...
Your body rises from the dead as a mindless zombie.

......### .........###
# .....$......## .#
$............. .#
............#.# .# .
..............#.#...
..........Z@C....#
......#...Z♣Z...#
..............<.Z....#
....................##
....................#
................##..#
...............###...#
....$..........#.##.##
..................###
..............##....##


You could see Donald, a cyclops, a friendly orc warrior zombie, a friendly orc
wizard zombie, a friendly orc sorcerer zombie and a friendly orc warrior
skeleton.

Vanquished Creatures
  A hydra (D:8)
  An orc sorcerer (Orc:2)
  Psyche (D:10)
  A gargoyle (D:10)
  2 hornets (D:7)
  2 dream sheep (D:8)
  2 hippogriffs
  Grum (D:10)
  9 yaks
  2 hungry ghosts
  A swamp drake (D:8)
  Duvessa (D:7)
  8 orc warriors
  A sky beast (D:5)
  Purgy (Sewer)
  3 ice beasts (D:9)
  6 ogres
  3 wolves (D:10)
  7 centaurs
  A crocodile (D:10)
  3 big kobolds (D:8)
  6 bullfrogs
  Dowan (D:7)
  A water moccasin zombie (D:8)
  2 scorpions
  3 killer bees (D:9)
  2 wights (D:7)
  3 howler monkeys
  2 bullfrog zombies
  4 crimson imps
  A jelly (D:9)
  2 quasits
  3 iron imps (D:7)
  10 orc wizards
  10 orc priests
  Crazy Yiuf (D:6)
  A centaur skeleton (D:9)
  4 hounds
  3 bullfrog skeletons
  Natasha (D:3)
  4 worker ants
  A hound zombie (D:6)
  18 adders
  8 gnolls
  2 shadow imps (D:8)
  4 oozes
  4 adder skeletons
  A dart slug (D:1)
  6 leopard geckos
  46 orcs
  9 bats
  4 giant cockroaches
  10 goblins
  7 hobgoblins
  17 jackals
  3 quokkas
  4 ball pythons
  7 frilled lizards
  A jackal skeleton (D:4)
  9 kobolds
  2 leopard gecko skeletons (D:4)
  7 rats
291 creatures vanquished.

Vanquished Creatures (collateral kills)
  4 centaurs (D:10)
  2 bullfrogs
  2 howler monkeys (D:10)
  A wight (D:7)
  A crimson imp (D:10)
10 creatures vanquished.

Vanquished Creatures (others)
  A wight (D:10)
  A centaur zombie (D:10)
  A bullfrog skeleton (D:10)
  An orc skeleton (D:10)
  3 orc zombies
7 creatures vanquished.

Grand Total: 308 creatures vanquished

Notes
Turn   | Place    | Note
-------+----------+-------------------------------------------
     0 | D:1      | KristoblXynda the Demonspawn Gladiator began the quest for
                  | the Orb.
     0 | D:1      | Reached XP level 1. HP: 16/16 MP: 1/1
   232 | D:1      | You fall into a shaft and drop 1 floor!
   238 | D:2      | Gained mutation: You regenerate a little health from kills.
                  | [demonic ancestry]
   238 | D:2      | Reached XP level 2. HP: 21/22 MP: 2/2
   369 | D:1      | Reached skill level 3 in Axes
   974 | D:2      | Reached XP level 3. HP: 27/27 MP: 3/3
  1394 | D:2      | Reached skill level 1 in Armour
  1394 | D:2      | Reached XP level 4. HP: 29/34 MP: 4/4
  1858 | D:3      | Found a faded altar of an unknown god.
  1876 | D:3      | Reached XP level 5. HP: 30/39 MP: 5/5
  2054 | D:3      | Reached skill level 4 in Axes
  2131 | D:3      | Noticed Natasha
  2145 | D:3      | Killed Natasha
  2177 | D:3      | Found a glowing drain.
  2214 | Sewer    | Entered a sewer
  2369 | Sewer    | Noticed Purgy
  2404 | Sewer    | Killed Purgy
  2404 | Sewer    | Gained mutation: You are partially covered in iridescent
                  | scales. (AC +2) [demonic ancestry]
  2404 | Sewer    | Reached XP level 6. HP: 13/47 MP: 6/6
  2846 | D:3      | Reached skill level 1 in Evocations
  3298 | D:4      | HP: 2/47 [worker ant (5)]
  3535 | D:4      | Found an ornate altar of the Wu Jian Council.
  3977 | D:4      | Reached skill level 5 in Axes
  4176 | D:4      | Gained mutation: You have sharp toenails. [demonic
                  | ancestry]
  4176 | D:4      | Reached XP level 7. HP: 34/52 MP: 8/8
  4543 | D:5      | Entered Level 5 of the Dungeon
  4842 | D:5      | Found a radiant altar of Vehumet.
  4939 | D:5      | Reached skill level 6 in Axes
  4939 | D:5      | Reached XP level 8. HP: 29/58 MP: 10/10
  5136 | D:5      | Found an opulent altar of Gozag.
  5136 | D:5      | Found a sparkling altar of Nemelex Xobeh.
  5845 | D:6      | Found a staircase to the Ecumenical Temple.
  5852 | Temple   | Entered the Ecumenical Temple
  5960 | Temple   | Became a worshipper of Yredelemnul the Dark
  6017 | D:6      | Reached skill level 5 in Dodging
  6260 | D:6      | Found a runed translucent door.
  6261 | D:6      | Noticed Crazy Yiuf
  6315 | D:6      | Killed Crazy Yiuf
  6453 | D:6      | Found a stormy altar of Qazlal.
  6454 | D:6      | Found an ancient bone altar of Kikubaaqudgha.
  6462 | D:6      | Found Hewno Dau's Gadget Shop.
  6501 | D:6      | Reached skill level 7 in Axes
  6542 | D:6      | Found a blossoming altar of Fedhas.
  6641 | D:6      | Found a bloodstained altar of Trog.
  6712 | D:6      | Found a glowing golden altar of the Shining One.
  6985 | D:7      | Noticed a hornet
  6991 | D:7      | Paralysed by a hornet for 2 turns
  7009 | D:7      | Killed a hornet
  7009 | D:7      | Reached XP level 9. HP: 23/65 MP: 12/12
  7314 | D:7      | Noticed Dowan
  7315 | D:7      | Noticed Duvessa
  7329 | D:7      | Killed Duvessa
  7350 | D:7      | Killed Dowan
  7522 | D:7      | Found a burning altar of Makhleb.
  7757 | D:7      | Reached * piety under Yredelemnul
  7769 | D:7      | Paralysed by a hornet for 3 turns
  7820 | D:7      | Reached skill level 8 in Axes
  7820 | D:7      | Reached skill level 5 in Armour
  7820 | D:7      | Reached skill level 5 in Evocations
  8417 | D:7      | Reached skill level 1 in Invocations
  8688 | D:8      | Reached skill level 5 in Fighting
  8715 | D:8      | Found a bloodstained altar of Trog.
  8747 | D:8      | Reached XP level 10. HP: 37/74 MP: 14/14
  8881 | D:8      | Reached skill level 9 in Axes
  9483 | D:8      | Got a smoking plate armour
  9500 | D:8      | Identified the +2 plate armour of Aneap {Dex+4} (You found
                  | it on level 8 of the Dungeon)
  9504 | D:8      | Noticed a two-headed hydra
  9509 | D:8      | Killed a one-headed hydra
  9514 | D:8      | Reached ** piety under Yredelemnul
  9632 | D:8      | Found a sacrificial altar of Ru.
  9836 | D:9      | Reached skill level 5 in Invocations
 10049 | D:9      | Reached skill level 10 in Axes
 10229 | D:9      | Reached *** piety under Yredelemnul
 10233 | D:9      | HP: 3/77 [orc warrior/cursed +0 trident (11)]
 10784 | D:9      | Found a glowing silver altar of Zin.
 10826 | D:9      | Found an iron altar of Okawaru.
 10921 | D:9      | Found a staircase to the Orcish Mines.
 11078 | D:9      | Found a runed translucent gate.
 11078 | D:9      | Found a runed translucent gate.
 11078 | D:9      | Found a runed translucent gate.
 11079 | D:9      | Noticed akello96's ghost (novice DsNe)
 11079 | D:9      | Identified the +10 dagger of Inquiry {venom, rC+}
 11272 | D:10     | Entered Level 10 of the Dungeon
 11351 | D:10     | Noticed Psyche
 11368 | D:10     | Killed Psyche
 11368 | D:10     | Reached XP level 11. HP: 70/83 MP: 15/15
 11557 | D:10     | HP: 2/83 [gargoyle/stone arrow (14)]
 11934 | D:10     | Noticed a death yak
 11935 | D:10     | Noticed a death yak
 11935 | D:10     | Noticed a death yak
 12101 | D:10     | Noticed Grum
 12118 | D:10     | Killed Grum
 12225 | D:10     | Received a gift from Yredelemnul (a wight)
 12492 | D:11     | Noticed a death knight
 12492 | D:11     | Noticed a phantasmal warrior
 13550 | Orc:1    | Entered Level 1 of the Orcish Mines
 13603 | Orc:2    | Entered Level 2 of the Orcish Mines
 13623 | Orc:2    | Noticed an orc sorcerer
 13640 | Orc:2    | Killed an orc sorcerer
 13918 | Orc:2    | Found a staircase to the Elven Halls.
 14050 | Orc:2    | Noticed Donald
 14068 | Orc:2    | HP: 1/126 [Donald/+0 scimitar (18)]
 14068 | Orc:2    | Slain by a cyclops

Levels and vault maps discovered:
D:1:      mrwooster_arrival_statue_2, layout_basic
D:2:      layout_rooms, minmay_snake_closets
D:3:      layout_basic, gup_sewer_entry_glass,
          chequers_ecumenical_altar_simple_redux, uniq_natasha
D:4:      wander_river, layout_cave_pods, lemuel_crystal_altar, first_ration,
          serial_glass, glass_columns_a, glass_columns_a
D:5:      layout_loops_ring, grunt_temple_overflow_opulence,
          overflow_temple_1_default
D:6:      layout_cave_pools, fedhas_altar_fruit_tree, lemuel_crystal_altar,
          old_standard_altar, chequers_temple_overflow_statue_of_worship,
          minmay_temple_entry_fiery, serial_shops, nicolae_shop_crystal,
          chequers_decorated_corner, uniq_crazy_yiuf_cottage
D:7:      layout_basic, demons_altar, uniq_duvessa
D:8:      layout_loops_cross, nicolae_ru_the_path_less_chosen, hangedman_ranch
          [blue_anna_fruit_fields], bloody_trog
D:9:      layout_cave_pools, kennysheep_mini, nicolae_overflow_crystal_walls,
          hiddenorc1_lemuel, gammafunk_ghost_nasty_kobolds
D:10:     layout_big_octagon, dpeg_lair_monsters, centaur_isle, uniq_psyche,
          uniq_grum
D:11:     layout_roguey
Temple:   nicolae_temple_figure_zero
Orc:1:    layout_diamond_mine, gammafunk_ghost_split
Orc:2:    st_orc_pillars, layout_caves, uniq_donald

Skill      XL: |  1  2  3  4  5  6  7  8  9 10 11 |
---------------+----------------------------------+-----
Throwing       | 2 |  2.0
Axes           | 3 4 5 6 7 8 10 | 10.6
Dodging        | 3 4 5 |  5.4
Armour         | 1 2 3 4 5 6 7 |  7.3
Fighting       | 3 5 6 7 |  7.3
Evocations     | 1 3 4 5 |  5.6
Invocations    | 2 5 6 |  6.5

Action                   |  1- 3 |  4- 6 |  7- 9 | 10-12 || total
-------------------------+-------+-------+-------+-------++-------
Melee: War axe           |   100 |   256 |   445 |   551 ||  1352
       Hand axe          |       |       |       |     8 ||     8
Throw: Throwing net      |       |       |       |     2 ||     2
Invok: Animate Remains   |       |       |     1 |     1 ||     2
       Animate Dead      |       |       |       |     5 ||     5
Evoke: Wand              |       |       |     9 |    12 ||    21
  Use: Scroll            |       |     9 |     4 |     8 ||    21
       Potion            |       |     9 |     5 |     4 ||    18
 Stab: Invisible         |       |     1 |       |       ||     1
       Confused          |       |       |       |     1 ||     1
       Held in net/web   |       |       |       |     1 ||     1
  Eat: Chunk             |     2 |     6 |    22 |    43 ||    73
       Ration            |       |     1 |     1 |     4 ||     6
Armor: Leather armour    |    37 |       |       |       ||    37
       Ring mail         |     9 |   152 |    34 |       ||   195
       Chain mail        |       |       |   269 |   359 ||   628
       Plate armour      |       |       |       |    35 ||    35
Dodge: Dodged            |    90 |   251 |   268 |   307 ||   916

Table legend:
 A = Non-vault XP
 B = Vault XP
 C = Vault XP percentage of total XP
 D = Non-vault monster count
 E = Vault monster count
 F = Vault count percentage of total count
                 A         B        C        D         E       F
            +---------+---------+-------+---------+---------+-------
      Total |   10160 |    5034 |  33.1 |     239 |      62 |  20.6
            +---------+---------+-------+---------+---------+-------
        D:1 |      33 |       0 |   0.0 |      20 |       0 |   0.0
        D:2 |      27 |     100 |  78.7 |      14 |       9 |  39.1
        D:3 |      81 |      65 |  44.5 |      29 |       4 |  12.1
        D:4 |     446 |       0 |   0.0 |      18 |       0 |   0.0
        D:5 |     956 |       0 |   0.0 |      29 |       0 |   0.0
        D:6 |     580 |      40 |   6.5 |      14 |       1 |   6.7
        D:7 |    1819 |     349 |  16.1 |      23 |       5 |  17.9
        D:8 |    1886 |    2220 |  54.1 |      32 |       8 |  20.0
        D:9 |    1747 |     582 |  25.0 |      28 |      19 |  40.4
       D:10 |    1706 |    1530 |  47.3 |      24 |      11 |  31.4
       D:11 |       3 |       0 |   0.0 |       1 |       0 |   0.0
      Orc:2 |     876 |       0 |   0.0 |       7 |       0 |   0.0
      Sewer |       0 |     148 | 100.0 |       0 |       5 | 100.0
            +---------+---------+-------+---------+---------+-------
